 Dungeon Crawl Stone Soup version 0.31.0 (webtiles) character file.

Game seed: 3523910929471204324

55 qw the Shooter (level 3, 0/22 HPs)
             Began as a Gargoyle Hunter on Jan 19, 2024.
             Killed by divine providence
             ... invoked by an orc priest
              (13 damage)
             ... on level 3 of the Dungeon.
             The game lasted 00:00:08 (2020 turns).

qw the Shooter (Gargoyle Hunter)                    Turns: 2020, Time: 00:00:08

Health: 0/22       AC: 13    Str: 14    XL:     3   Next: 93%
Magic:  3/3        EV: 10    Int: 12    God:
Gold:   104        SH:  0    Dex: 12    Spells: 2/2 levels left

rFire   . . .        a - +0 shortbow
rCold   + . .        (shield currently unavailable)
rNeg    + . .        d - +0 ring mail
rPois   inf          h - +2 helmet of Caotiuxt {Will+ Int+3 Dex-3}
rElec   +            (no cloak)
rCorr   .            j - +0 pair of gloves
SInv    .            g - +0 pair of boots
Will    +....        m - amulet of regeneration
Stlth   +            e - ring of protection from cold
HPRegen 1.03/turn    (no ring)
MPRegen 0.08/turn

%: no passive effects
@: no status effects
A: sickness immunity, AC +3, negative energy resistance 1, electricity
resistance, torment resistance 1, petrification resistance
a: no special abilities


You were on level 3 of the Dungeon.
You visited 1 branch of the dungeon, and saw 3 of its levels.

You collected 104 gold pieces.


Innate Abilities, Weirdness & Mutations

You are immune to sickness and miasma.
Your stone body is resilient. (AC +3)
You are immune to poison.
You resist negative energy. (rN+)
You are resistant to electric shocks. (rElec)
You are resistant to unholy torment.
You are immune to petrification.


   Skills:
 + Level 2.9 Fighting
 - Level 5.0 Ranged Weapons
 - Level 1.0 Armour
 - Level 1.5 Dodging
 - Level 1.1 Stealth


You had 2 spell levels left.
You didn't know any spells.
Your spell library was empty.

Inventory:

Hand Weapons
 a - a +0 shortbow (weapon)
Armour
 d - a +0 ring mail (worn)
 g - a +0 pair of boots (worn)
 h - the +2 helmet of Caotiuxt (worn) {Will+ Int+3 Dex-3}
   (You acquired it on level 2 of the Dungeon)

   Int+3:     It affects your intelligence (+3).
   Dex-3:     It affects your dexterity (-3).
   Will+:     It increases your willpower.
 j - a +0 pair of gloves (worn)
Jewellery
 e - a ring of protection from cold (left hand)
 i - a ring of wizardry
 m - an amulet of regeneration (around neck)
Scrolls
 l - a scroll of identify {unknown}
Potions
 b - 3 potions of curing
 c - a potion of might {unknown}
 f - a potion of attraction {unknown}
 k - a potion of mutation {unknown}

Dungeon Overview and Level Annotations

Branches:
Dungeon (3/15)

Altars:
Ashenzari


Message History

You shoot an arrow. The arrow barely misses the orc wizard.
The arrow completely misses the orc priest.
The orc wizard hits you but does no damage. x2
The orc priest begins to cast a cantrip, but forgets the words!
You shoot an arrow. The arrow barely misses the orc wizard.
The arrow hits the orc priest!
The orc priest is heavily wounded.
The orc wizard barely misses you.
You shoot an arrow.
The arrow closely misses the orc wizard.
The arrow closely misses the orc priest.
The orc wizard barely misses you.
You shoot an arrow. The arrow barely misses the orc wizard.
The arrow hits the orc priest.
The orc priest is severely wounded.
The orc priest calls upon Beogh to heal the orc wizard.
The orc wizard is healed somewhat.
The orc wizard completely misses you.
You shoot an arrow.
The arrow closely misses the orc wizard.
The arrow hits the orc priest but does no damage.
The orc priest is severely wounded.
The orc wizard hits you with a +0 dagger.
The orc wizard hits you but does no damage.
You shoot an arrow.
The arrow hits the orc wizard but does no damage.
The orc wizard is moderately wounded.
The orc wizard misses you.
You shoot an arrow.
The arrow hits the orc wizard but does no damage.
The orc wizard is moderately wounded.
The orc wizard barely misses you.
You shoot an arrow. The arrow hits the orc wizard.
The orc wizard is moderately wounded.
The orc wizard points at you and mumbles some strange words.
The magic dart hits you!
The orc wizard hits you but does no damage.
The orc priest calls down the wrath of Beogh upon you.
Beogh smites you!
Ouch! That really hurt!
You die...

. #.###.###### ..
#..........# #.
.#.#####.####.# ..
..>........#.# ##
.#.#####.##.#.# ..
..........#.#.# #.
.###.###..#.#.#
#+#+###.###..#.#.#
.....##......#.#@#
.....##.###.##.#o#
.....##.# #.# .#o#
+#...##.###.# #)#
#..........# #.#
#....#.###.# #)#
##.#.#.# ..# #.#
#..#.#.# ... ..#
###.#.#..


You could see an orc priest and an orc wizard.

Vanquished Creatures
  2 ribbon worms
  2 orcs (D:3)
  7 ball pythons
  2 endoplasms
  2 giant cockroaches (D:1)
  4 goblins (D:1)
  3 hobgoblins (D:2)
  3 jackals (D:1)
  5 kobolds
  3 quokkas
  6 bats
  3 frilled lizards
  4 rats
46 creatures vanquished.

Notes
Turn   | Place    | Note
-------+----------+-------------------------------------------
     0 | D:1      | qw the Gargoyle Hunter began the quest for the Orb.
     0 | D:1      | Reached XP level 1. HP: 12/12 MP: 1/1
     0 | D:1      | 0 ||| qw: Version: 0.3-a-132-g3d54051
     0 | D:1      | 0 ||| qw: Game counter: 258
     0 | D:1      | 0 ||| qw: Melee chars always use a shield: true
     0 | D:1      | 0 ||| qw: God list: Okawaru
     0 | D:1      | 0 ||| qw: Allow faded altars: false
     0 | D:1      | 0 ||| qw: Do Orc after clearing Dungeon:15 true
     0 | D:1      | 0 ||| qw: Do second Lair branch before Depths: true
     0 | D:1      | 0 ||| qw: Lair rune preference: random
     0 | D:1      | 0 ||| qw: Goals: Normal
     0 | D:1      | 0 ||| PLANNING D:1-11
   137 | D:1      | Reached XP level 2. HP: 17/17 MP: 2/2
   141 | D:1      | Found a faded altar of an unknown god.
   389 | D:1      | Reached XP level 3. HP: 19/21 MP: 3/3
   717 | D:1      | Reached skill level 5 in Ranged Weapons
   788 | D:1      | 788 ||| UPGRADING to +0 ring mail.
   798 | D:1      | 798 ||| DROPPING +0 leather armour.
   799 | D:1      | 799 ||| UPGRADING to +0 pair of gloves.
   804 | D:1      | 804 ||| READING scroll labelled ZYSTRE DYNOUNY.
   805 | D:1      | 805 ||| READING scroll labelled CAECKA MUHAMA.
   806 | D:1      | 806 ||| READING scroll labelled TAIDITU VOATOCOMYM.
   810 | D:1      | 810 ||| READING scroll labelled ESALEN PUVISO.
   811 | D:1      | 811 ||| DROPPING scroll of butterflies.
   837 | D:2      | Found a broken altar of Ashenzari.
  1040 | D:2      | 1040 ||| FLEEEEING.
  1113 | D:2      | Reached skill level 1 in Armour
  1494 | D:2      | 1494 ||| UPGRADING to +0 pair of boots.
  1499 | D:2      | 1499 ||| UPGRADING to amulet of regeneration.
  1504 | D:2      | 1504 ||| UPGRADING to ring of protection from cold.
  1505 | D:2      | 1505 ||| READING scroll labelled WOCYZIUFIF.
  1506 | D:2      | 1506 ||| READING scroll labelled GONUTE MATYLE.
  1607 | D:2      | 1607 ||| READING scroll labelled DABEOG UDDI.
  1607 | D:2      | Identified a scroll of acquirement
  1607 | D:2      | 1607 ||| ACQUIRING +2 helmet of Caotiuxt {Will+ Int+3
                  | Dex-3}
  1607 | D:2      | Acquired the +2 helmet of Caotiuxt {Will+ Int+3 Dex-3}
  1609 | D:2      | 1609 ||| UPGRADING to +2 helmet of Caotiuxt {Will+ Int+3
                  | Dex-3}.
  1614 | D:2      | 1614 ||| DRINKING 4 glowing puce potions.
  2020 | D:3      | Killed from afar by an orc priest

Levels and vault maps discovered:
D:1:      saegor_arrival_fortress, layout_basic,
          dreamdust_ecumenical_altar_grove
D:2:      layout_basic, basic_altar, corexii_hall_statues_x
D:3:      layout_basic, kennysheep_nondescript

Skill      XL: |  1  2  3 |
---------------+----------+-----
Ranged Weapons | 5 |  5.0
Armour         | 1 |  1.0
Fighting       | |  2.9
Dodging        | |  1.5
Stealth        | |  1.1

Action                     || total
---------------------------++-------
   Fire: Shortbow          ||   163
    Use: Scroll            ||     7
         Potion            ||     1
 Armour: Leather armour    ||    21
         Ring mail         ||    36
  Dodge: Dodged            ||    40

Table legend:
 A = Non-vault XP
 B = Vault XP
 C = Vault XP percentage of total XP
 D = Non-vault monster count
 E = Vault monster count
 F = Vault count percentage of total count
                 A         B        C        D         E       F
            +---------+---------+-------+---------+---------+-------
      Total |      79 |       0 |   0.0 |      46 |       0 |   0.0
            +---------+---------+-------+---------+---------+-------
        D:1 |      40 |       0 |   0.0 |      24 |       0 |   0.0
        D:2 |      22 |       0 |   0.0 |      13 |       0 |   0.0
        D:3 |      17 |       0 |   0.0 |       9 |       0 |   0.0
            +---------+---------+-------+---------+---------+-------
